TOP OF THE 1ST |
St. Louis Cardinals batting - Pitching for Chicago Cubs : RHP Chris Ishii
|
Pitching: RHP Chris Ishii
|
|
Batting: RHB Nick Gentzel
|
0-0: Ground out 4-3 (Groundball, 4, EV 83.8 MPH)
|
Batting: RHB Tenshou Takita
|
0-0: Ball 1-0: Fly out, F9 (Flyball, 89D, EV 88.1 MPH)
|
Batting: SHB Antoine Roux
|
0-0: Ball 1-0: Called Strike 1-1: Ball 2-1: Foul Ball, location: 2F 2-2: Ball 3-2: Fly out, F7 (Flyball, 7D, EV 93.8 MPH)
|
Top of the 1st over - 0 runs, 0 hits, 0 errors, 0 left on base; St. Louis 0 - Chicago 0 |
BOTTOM OF THE 1ST |
Chicago Cubs batting - Pitching for St. Louis Cardinals : RHP Luis Herrera
|
Pitching: RHP Luis Herrera
|
|
Batting: RHB Yasuhide Kasahara
|
0-0: Foul Ball, location: 2F 0-1: Ball 1-1: Ball 2-1: Ball 3-1: Ground out 4-3 (Groundball, 4S, EV 89.4 MPH)
|
Batting: LHB Kevin Norton
|
0-0: Called Strike 0-1: Ground out 6-3 (Groundball, 4MD, EV 106.2 MPH)
|
Batting: RHB Efrain Vargas
|
0-0: Foul Ball, location: 2F 0-1: Called Strike 0-2: Foul Ball, location: 2F 0-2: Ball 1-2: Foul Ball, location: 2F 1-2: Foul Ball, location: 2F 1-2: Foul Ball, location: 2F 1-2: Foul Ball, location: 2F 1-2: Ball 2-2: SINGLE (Groundball, 6MD, EV 98.1 MPH)
|
Batting: SHB Terry Tuckfard
|
0-0: Ball 1-0: Ground out 4-3 (Groundball, 4S, EV 86.2 MPH)
|
Bottom of the 1st over - 0 runs, 1 hit, 0 errors, 1 left on base; St. Louis 0 - Chicago 0 |
TOP OF THE 2ND |
St. Louis Cardinals batting - Pitching for Chicago Cubs : RHP Chris Ishii
|
Batting: RHB Eric Chotkowski
|
0-0: Swinging Strike 0-1: Foul Ball, location: 2F 0-2: Ball 1-2: Fly out, F9 (Flyball, 9S, EV 95.6 MPH)
|
Batting: LHB Ben Rubenacker
|
0-0: Called Strike 0-1: Foul Ball, location: 2F 0-2: Ground out U3 (Groundball, 3, EV 103.1 MPH)
|
Batting: RHB Cole Bittner
|
0-0: Called Strike 0-1: Ball 1-1: Ball 2-1: Ball 3-1: Foul Ball, location: 2F 3-2: Strikes out swinging
|
Top of the 2nd over - 0 runs, 0 hits, 0 errors, 0 left on base; St. Louis 0 - Chicago 0 |
BOTTOM OF THE 2ND |
Chicago Cubs batting - Pitching for St. Louis Cardinals : RHP Luis Herrera
|
Batting: RHB Elijah Campbell
|
0-0: Ball 1-0: Ball 2-0: SOLO HOME RUN (Flyball, 78XD, EV 98.8 MPH), Distance : 380 ft
|
Batting: RHB Will Leslie
|
0-0: Ball 1-0: Ball 2-0: Called Strike 2-1: Called Strike 2-2: Foul Ball, location: 2F 2-2: Foul Ball, location: 2F 2-2: Ground out 5-3 (Groundball, 56, EV 87.5 MPH)
|
Batting: SHB Art Kent
|
0-0: Ball 1-0: Called Strike 1-1: Called Strike 1-2: Ground out 6-3 (Groundball, 6, EV 84.4 MPH)
|
Batting: RHB Steve Bui
|
0-0: Ball 1-0: Ball 2-0: Foul Ball, location: 2F 2-1: Foul Ball, location: 2F 2-2: Ball 3-2: Foul Ball, location: 2F 3-2: Strikes out looking
|
Bottom of the 2nd over - 1 run, 1 hit, 0 errors, 0 left on base; St. Louis 0 - Chicago 1 |
TOP OF THE 3RD |
St. Louis Cardinals batting - Pitching for Chicago Cubs : RHP Chris Ishii
|
Batting: RHB Pavpv Ivanushkin
|
0-0: Ball 1-0: Called Strike 1-1: Ball 2-1: Foul Ball, location: 2F 2-2: Foul Ball, location: 2F 2-2: Ball 3-2: Strikes out swinging
|
Batting: RHB Rick O'Reilly
|
0-0: Called Strike 0-1: Foul Ball, location: 2F 0-2: Strikes out looking
|
Batting: RHB Dustin Clark
|
0-0: Ground out 6-3 (Groundball, 56, EV 96.2 MPH)
|
Top of the 3rd over - 0 runs, 0 hits, 0 errors, 0 left on base; St. Louis 0 - Chicago 1 |
BOTTOM OF THE 3RD |
Chicago Cubs batting - Pitching for St. Louis Cardinals : RHP Luis Herrera
|
Batting: RHB Adam O'Hare
|
0-0: Foul Ball, location: 2F 0-1: Ball 1-1: Foul Ball, location: 2F 1-2: Ball 2-2: Strikes out swinging
|
Batting: RHB Yasuhide Kasahara
|
0-0: Ball 1-0: Called Strike 1-1: Swinging Strike 1-2: Foul Ball, location: 2F 1-2: DOUBLE (Groundball, 5L, EV 103.8 MPH)
|
Batting: LHB Kevin Norton
|
0-0: Ball 1-0: Ground out 4-3 (Groundball, 4S, EV 86.9 MPH) Yasuhide Kasahara to third
|
Batting: RHB Efrain Vargas
|
0-0: Ball 1-0: SINGLE (Line Drive, 4D, EV 95.0 MPH) Yasuhide Kasahara scores
|
Batting: SHB Terry Tuckfard
|
0-0: Called Strike 0-1: Ground out 3-1 (Groundball, 34S, EV 80.0 MPH)
|
Bottom of the 3rd over - 1 run, 2 hits, 0 errors, 1 left on base; St. Louis 0 - Chicago 2 |
TOP OF THE 4TH |
St. Louis Cardinals batting - Pitching for Chicago Cubs : RHP Chris Ishii
|
Batting: RHB Nick Gentzel
|
0-0: Called Strike 0-1: Ball 1-1: Called Strike 1-2: Ball 2-2: Strikes out swinging
|
Batting: RHB Tenshou Takita
|
0-0: Called Strike 0-1: Ball 1-1: Fly out, F7 (Line Drive, 7, EV 90.0 MPH)
|
Batting: SHB Antoine Roux
|
0-0: Ground out 5-3 (Groundball, 5S, EV 61.9 MPH)
|
Top of the 4th over - 0 runs, 0 hits, 0 errors, 0 left on base; St. Louis 0 - Chicago 2 |
BOTTOM OF THE 4TH |
Chicago Cubs batting - Pitching for St. Louis Cardinals : RHP Luis Herrera
|
Batting: RHB Elijah Campbell
|
0-0: DOUBLE (Line Drive, 78M, EV 108.8 MPH)
|
Batting: RHB Will Leslie
|
0-0: Ball 1-0: 2-RUN HOME RUN (Flyball, 89XD, EV 96.2 MPH), Distance : 390 ft
|
Batting: SHB Art Kent
|
0-0: Ball 1-0: Foul Ball, location: 2F 1-1: Ball 2-1: Fly out, F7 (Flyball, 7S, EV 86.2 MPH)
|
Batting: RHB Steve Bui
|
0-0: Called Strike 0-1: Fly out, F6 (Popup, 6MS, EV 76.9 MPH)
|
Batting: RHB Adam O'Hare
|
0-0: Ball 1-0: Ball 2-0: Swinging Strike 2-1: Foul Ball, location: 2F 2-2: Foul Ball, location: 2F 2-2: Strikes out swinging
|
Bottom of the 4th over - 2 runs, 2 hits, 0 errors, 0 left on base; St. Louis 0 - Chicago 4 |
TOP OF THE 5TH |
St. Louis Cardinals batting - Pitching for Chicago Cubs : RHP Chris Ishii
|
Batting: RHB Eric Chotkowski
|
0-0: Swinging Strike 0-1: Ball 1-1: Swinging Strike 1-2: Foul Ball, location: 2F 1-2: Ball 2-2: Foul Ball, location: 2F 2-2: Ground out 2-3 (Groundball, 13S, EV 67.5 MPH)
|
Batting: LHB Ben Rubenacker
|
0-0: Ball 1-0: Ball 2-0: Foul Ball, location: 2F 2-1: Foul Ball, location: 2F 2-2: Foul Ball, location: 2F 2-2: Fly out, F3 (Popup, 3SF, EV 80.0 MPH)
|
Batting: RHB Cole Bittner
|
0-0: Foul Ball, location: 2F 0-1: Ball 1-1: Ball 2-1: Called Strike 2-2: Ball 3-2: Strikes out looking
|
Top of the 5th over - 0 runs, 0 hits, 0 errors, 0 left on base; St. Louis 0 - Chicago 4 |
BOTTOM OF THE 5TH |
Chicago Cubs batting - Pitching for St. Louis Cardinals : RHP Luis Herrera
|
Batting: RHB Yasuhide Kasahara
|
0-0: Called Strike 0-1: Ball 1-1: Ball 2-1: Called Strike 2-2: Foul Ball, location: 2F 2-2: SINGLE (Groundball, 34D, EV 101.9 MPH)
|
Batting: LHB Kevin Norton
|
0-0: Ball Yasuhide Kasahara steals 2nd base 1-0: Foul Ball, location: 2F 1-1: Ball Wild Pitch! Yasuhide Kasahara to third 2-1: Ball 3-1: Foul Ball, location: 2F 3-2: Base on Balls
|
Batting: RHB Efrain Vargas
|
0-0: Ball 1-0: Ball 2-0: Called Strike 2-1: Ball Kevin Norton steals 2nd base 3-1: Called Strike 3-2: Base on Balls
|
Pitching: RHP Jim Kincaid
|
|
Batting: SHB Terry Tuckfard
|
0-0: DOUBLE (Groundball, 3L, EV 100.6 MPH) Yasuhide Kasahara scores Kevin Norton scores Efrain Vargas to third
|
Batting: RHB Elijah Campbell
|
0-0: Ball 1-0: Ball 2-0: Ball 3-0: Called Strike 3-1: Foul Ball, location: 2F 3-2: Foul Ball, location: 2F 3-2: 3-RUN HOME RUN (Flyball, 78XD, EV 100.6 MPH), Distance : 409 ft
|
Batting: RHB Will Leslie
|
0-0: SINGLE (Line Drive, 78S, EV 108.8 MPH)
|
Batting: SHB Art Kent
|
0-0: Called Strike 0-1: SINGLE (Groundball, 34S, EV 68.8 MPH) (infield hit) Will Leslie to second
|
Batting: RHB Steve Bui
|
0-0: Swinging Strike 0-1: Grounds into double play, 4-6-3 (Groundball, 4, EV 100.6 MPH) Will Leslie to third
|
Batting: RHB Adam O'Hare
|
0-0: Foul Ball, location: 2F 0-1: Swinging Strike 0-2: Strikes out swinging
|
Bottom of the 5th over - 5 runs, 5 hits, 0 errors, 1 left on base; St. Louis 0 - Chicago 9 |
TOP OF THE 6TH |
St. Louis Cardinals batting - Pitching for Chicago Cubs : RHP Chris Ishii
|
Batting: RHB Pavpv Ivanushkin
|
0-0: Swinging Strike 0-1: Ball 1-1: Called Strike 1-2: Ball 2-2: Strikes out swinging
|
Batting: RHB Rick O'Reilly
|
0-0: Called Strike 0-1: Ball 1-1: Foul Ball, location: 2F 1-2: Ball 2-2: Foul Ball, location: 2F 2-2: Ground out 4-3 (Groundball, 34, EV 93.1 MPH)
|
Batting: RHB Dustin Clark
|
0-0: Ball 1-0: Called Strike 1-1: Ball 2-1: Foul Ball, location: 2F 2-2: Foul Ball, location: 2F 2-2: Ball 3-2: Ground out 4-3 (Groundball, 4, EV 93.1 MPH)
|
Top of the 6th over - 0 runs, 0 hits, 0 errors, 0 left on base; St. Louis 0 - Chicago 9 |
BOTTOM OF THE 6TH |
Chicago Cubs batting - Pitching for St. Louis Cardinals : RHP Jim Kincaid
|
Batting: RHB Yasuhide Kasahara
|
0-0: Ball 1-0: Ground out U3 (Groundball, 3S, EV 87.5 MPH)
|
Batting: LHB Kevin Norton
|
0-0: Called Strike 0-1: Swinging Strike 0-2: Ball 1-2: Foul Ball, location: 2F 1-2: Foul Ball, location: 2F 1-2: Strikes out swinging
|
Batting: RHB Efrain Vargas
|
0-0: Foul Ball, location: 2F 0-1: Foul Ball, location: 2F 0-2: Ball 1-2: Foul Ball, location: 2F 1-2: Ball 2-2: Ball 3-2: Fly out, F9 (Line Drive, 9D, EV 91.9 MPH)
|
Bottom of the 6th over - 0 runs, 0 hits, 0 errors, 0 left on base; St. Louis 0 - Chicago 9 |
TOP OF THE 7TH |
St. Louis Cardinals batting - Pitching for Chicago Cubs : RHP Chris Ishii
|
Batting: RHB Nick Gentzel
|
0-0: Called Strike 0-1: Swinging Strike 0-2: Strikes out looking
|
Batting: RHB Tenshou Takita
|
0-0: Ball 1-0: SOLO HOME RUN (Flyball, 7D, EV 105.6 MPH), Distance : 406 ft
|
Batting: SHB Antoine Roux
|
0-0: Fly out, F7 (Flyball, 7S, EV 91.9 MPH)
|
Batting: RHB Eric Chotkowski
|
0-0: Ball 1-0: Foul Ball, location: 2F 1-1: Called Strike 1-2: Strikes out swinging
|
Top of the 7th over - 1 run, 1 hit, 0 errors, 0 left on base; St. Louis 1 - Chicago 9 |
BOTTOM OF THE 7TH |
Chicago Cubs batting - Pitching for St. Louis Cardinals : RHP Jim Kincaid
|
Batting: SHB Terry Tuckfard
|
0-0: Called Strike 0-1: SINGLE (Groundball, 6MS, EV 65.6 MPH) (infield hit)
|
Pinch Hitting: RHB Jamie Ogilvie
|
0-0: Ball 1-0: Called Strike 1-1: Swinging Strike 1-2: Strikes out swinging
|
Batting: RHB Will Leslie
|
0-0: Ball 1-0: Ball 2-0: Swinging Strike 2-1: Swinging Strike 2-2: Ball 3-2: Grounds into double play, 4-6-3 (Groundball, 34, EV 85.0 MPH)
|
Bottom of the 7th over - 0 runs, 1 hit, 0 errors, 0 left on base; St. Louis 1 - Chicago 9 |
TOP OF THE 8TH |
St. Louis Cardinals batting - Pitching for Chicago Cubs : RHP Chris Ishii
|
Now at 2B: Jamie Ogilvie
|
|
Batting: LHB Ben Rubenacker
|
0-0: Called Strike 0-1: Called Strike 0-2: Strikes out swinging
|
Pitching: RHP Chris Ray
|
|
Batting: RHB Cole Bittner
|
0-0: Ground out 5-3 (Groundball, 56, EV 104.4 MPH)
|
Batting: RHB Pavpv Ivanushkin
|
0-0: Fly out, F4 (Flyball, 4D, EV 86.9 MPH)
|
Top of the 8th over - 0 runs, 0 hits, 0 errors, 0 left on base; St. Louis 1 - Chicago 9 |
BOTTOM OF THE 8TH |
Chicago Cubs batting - Pitching for St. Louis Cardinals : RHP Jim Kincaid
|
Batting: SHB Art Kent
|
0-0: Ball 1-0: Fly out, F6 (Line Drive, 6, EV 65.6 MPH)
|
Batting: RHB Steve Bui
|
0-0: Ball 1-0: Ball 2-0: Foul Ball, location: 2F 2-1: Swinging Strike 2-2: Ball 3-2: Base on Balls
|
Pitching: RHP Geoff Mooney
|
|
Batting: RHB Adam O'Hare
|
0-0: Called Strike 0-1: Ball 1-1: Fly out, F9 (Flyball, 9, EV 82.5 MPH)
|
Batting: RHB Yasuhide Kasahara
|
0-0: Ball 1-0: Ball 2-0: SINGLE (Line Drive, 7LM, EV 102.5 MPH) Steve Bui to second
|
Batting: LHB Kevin Norton
|
0-0: Called Strike 0-1: Ball 1-1: Ground out U3 (Groundball, 34S, EV 85.6 MPH)
|
Bottom of the 8th over - 0 runs, 1 hit, 0 errors, 2 left on base; St. Louis 1 - Chicago 9 |
TOP OF THE 9TH |
St. Louis Cardinals batting - Pitching for Chicago Cubs : RHP Chris Ray
|
Batting: RHB Rick O'Reilly
|
0-0: Called Strike 0-1: Foul Ball, location: 2F 0-2: Ball 1-2: Ball 2-2: Ball 3-2: Ground out 5-3 (Groundball, 56S, EV 77.5 MPH)
|
Batting: RHB Dustin Clark
|
0-0: Ball 1-0: Foul Ball, location: 2F 1-1: Ball 2-1: Called Strike 2-2: Ground out 5-3 (Groundball, 56S, EV 64.4 MPH)
|
Batting: RHB Nick Gentzel
|
0-0: Foul Ball, location: 2F 0-1: Ball 1-1: Foul Ball, location: 2F 1-2: Ball 2-2: Ball 3-2: Base on Balls
|
Batting: RHB Tenshou Takita
|
0-0: Called Strike 0-1: Swinging Strike 0-2: Ball 1-2: DOUBLE (Flyball, 89D, EV 95.0 MPH) Nick Gentzel to third
|
Batting: SHB Antoine Roux
|
0-0: Called Strike 0-1: Ball 1-1: Swinging Strike 1-2: Foul Ball, location: 2F 1-2: Foul Ball, location: 2F 1-2: Strikes out swinging
|
Top of the 9th over - 0 runs, 1 hit, 0 errors, 2 left on base; St. Louis 1 - Chicago 9 |
|